 Dungeon Crawl Stone Soup version 0.26-b1-32-g5d43845318 (webtiles) character file.

Game seed: 1512313378391142079

15422 Borgoz the Basher (level 12, 0/76 HPs)
             Began as a Gargoyle Berserker on Jan 10, 2021.
             Was a High Priest of Trog.
             Shot with a bolt by a yaktaur (13 damage)
             ... on level 15 of the Dungeon.
             The game lasted 00:23:40 (15787 turns).

Borgoz the Basher (Gargoyle Berserker)             Turns: 15787, Time: 00:23:41

Health: 0/76       AC: 27    Str: 23    XL:     12   Next: 26%
Magic:  4/4        EV: 21    Int:  9    God:    Trog [*****.]
Gold:   189        SH:  0    Dex: 30    Spells: 11/11 levels left

rFire    + . .     SeeInvis .   p - +5 great mace (antimagic)
rCold    . . .     Faith    .   (shield currently unavailable)
rNeg     + . .     Spirit   .   d - +4 ring mail of the Lair of Beasts {Rampage}
rPois    ∞         Reflect  .   s - +1 helmet
rElec    +         Harm     .   j - +0 cloak
rCorr    .         Rampage  +   b - +1 pair of gloves of Terror {Dex+5}
Will     .....                  e - +0 pair of boots
Stlth    +++.......             (no amulet)
HPRegen  0.22/turn              n - +6 ring of dexterity
MPRegen  0.09/turn              w - ring of Vaomilic {rF+ Str+2 Dex+6 Stlth+}

@: berserk cooldown, slowed, very slow
A: negative energy resistance 1, electricity resistance, unbreathing,
petrification resistance, miasma immunity, AC +8
a: Renounce Religion, Berserk, Trog's Hand, Brothers in Arms


You were on level 15 of the Dungeon.
You worshipped Trog.
Trog was extremely pleased with you.
You visited 2 branches of the dungeon, and saw 14 of its levels.
You also visited: Bailey.

You collected 911 gold pieces.
You spent 722 gold pieces at shops.

Inventory:

Hand Weapons
 p - a +5 antimagic great mace (weapon)
Missiles
 x - a throwing net
Armour
 b - the +1 pair of gloves of Terror (worn) {Dex+5}
   (You acquired it on level 8 of the Dungeon)

   It affects your dexterity (+5).
 d - the +4 ring mail of the Lair of Beasts (worn) {Rampage}
   (You found it in a bailey)

   It bestows one free step when moving towards enemies.
 e - a +0 pair of boots (worn)
 j - a +0 cloak (worn)
 s - a +1 helmet (worn)
Jewellery
 a - an uncursed ring of resist corrosion
 g - an uncursed ring of protection from cold
 n - a +6 ring of dexterity (left hand)
 w - the ring of Vaomilic (right hand) {rF+ Str+2 Dex+6 Stlth+}
   (You bought it in a shop on level 5 of the Dungeon)

   [ring of protection from fire]

   It affects your strength (+2).
   It affects your dexterity (+6).
   It protects you from fire.
   It makes you more stealthy.
 A - an uncursed ring of protection from cold
Wands
 y - a wand of acid (3)
Scrolls
 c - 6 scrolls of enchant weapon
 h - 10 scrolls of remove curse
 i - a scroll of enchant armour
 k - 4 scrolls of fear
 l - 4 scrolls of magic mapping
 q - 3 scrolls of teleportation
 v - a scroll of identify
Potions
 f - 12 potions of curing
 m - 2 potions of magic
 r - a potion of ambrosia {unknown}
 t - 2 potions of mutation
 u - a potion of might
 B - a potion of heal wounds
 C - 2 potions of lignification {unknown}


   Skills:
 + Level 9.4 Fighting
 * Level 11.7 Maces & Flails
 + Level 9.0 Armour
 * Level 9.8 Dodging


You had 11 spell levels left.
You didn't know any spells.
Your spell library was empty.

Dungeon Overview and Level Annotations

Branches:
Dungeon (12/15)            Temple (1/1) D:4            Lair (0/6) D:8
    Orc (0/2) D:10         Bailey (visited)

Altars:
Ashenzari
Cheibriados
Dithmenos
Elyvilon
Fedhas
Gozag
Hepliaklqana
Kikubaaqudgha
Makhleb
Nemelex Xobeh
Okawaru
Qazlal
Ru
Sif Muna
Trog
Uskayaw
Vehumet
Wu Jian
Xom
Yredelemnul
Zin
The Shining One

Shops:
D:5 =   D:11 }


Innate Abilities, Weirdness & Mutations

You are resistant to torment.
Your stone body is resilient. (AC +8)
You are immune to poison.
You resist negative energy. (rN+)
You are resistant to electric shocks. (rElec)
You can survive without breathing.
You are immune to petrification.
You are immune to miasma.


Message History

You sock the skeletal warrior!
You destroy the skeletal warrior!
Trog accepts your kill.
The skeletal warrior hits you but does no damage.
A red ugly thing comes into view.
You see here a +1 short sword.
You feel a strong urge to attack something.
You are no longer berserk.
You are exhausted.
You feel yourself slow down.
A yaktaur comes into view.
The yaktaur shouts!
The yaktaur wields a +0 arbalest.
The yaktaur shoots a bolt.
The bolt completely misses you.
The yaktaur shoots a bolt.
The bolt hits you.
* * * LOW HITPOINT WARNING * * *
A red ugly thing comes into view.
You see here a bolt.
The yaktaur shoots a bolt.
The bolt hits you!
You die...

#..u..#
#..u#.##
#...)..#
#.#.).##
##...u.##
##....zu(###
..............#
...###.###(#.##
..#......@....#
..####.#.#..# .
.....#.##
..#..#.# # #.
c#.#.. #
.#..#.# ..
.##.# #. # .#


You could see a red ugly thing and a yaktaur.

Vanquished Creatures
  A two-headed ogre (D:8)
  2 skeletal warriors (D:15)
  A flayed ghost (D:11)
  An ugly thing (D:11)
  A manticore (D:11)
  A gargoyle (D:11)
  3 centaur skeletons
  Maggie (D:7)
  2 trolls
  A hornet (D:10)
  A vampire (D:10)
  A tarantella (shapeshifter) (D:11)
  A basilisk (D:8)
  12 yaks
  A wraith (D:11)
  3 wyverns
  Menkaure (D:7)
  Duvessa (D:7)
  3 water moccasins
  14 orc warriors
  A black bear (D:8)
  5 ice beasts
  4 sky beasts
  2 phantoms
  6 ogres
  2 necrophages
  6 centaurs
  10 bullfrogs
  A gnoll sergeant (D:7)
  Dowan (D:7)
  7 scorpions
  A killer bee (D:6)
  2 electric eels (D:10)
  5 wights (D:11)
  8 howler monkeys
  A quasit (D:11)
  A gnoll shaman (D:9)
  10 hounds
  4 jellies
  2 bullfrog skeletons
  A bullfrog zombie (D:10)
  9 orc priests
  6 iguanas
  12 worker ants
  9 orc wizards
  A worker ant (shapeshifter) (D:11)
  The ghost of EnegeticOcto the Shield-Bearer, a weakling DDFi (D:4)
  5 hound skeletons
  Robin (D:4)
  A howler monkey zombie (D:6)
  A howler monkey skeleton (D:6)
  10 adders
  16 gnolls
  A shadow imp (D:5)
  4 white imps
  A worker ant simulacrum (D:11)
  3 ufetubi
  2 adder zombies (D:5)
  A worm (D:2)
  A dart slug (D:1)
  5 leopard geckos
  60 orcs
  5 giant cockroaches
  12 hobgoblins
  13 jackals
  7 kobolds
  7 quokkas
  A ball python (D:1)
  6 bats
  3 frilled lizards
  18 goblins
  A leopard gecko skeleton (D:4)
  A quokka skeleton (D:7)
  3 rats (D:1)
359 creatures vanquished.

Vanquished Creatures (others)
  2 orc wizards (D:5)
  10 plants
12 creatures vanquished.

Grand Total: 371 creatures vanquished

Notes
Turn   | Place    | Note
-------+----------+-------------------------------------------
     0 | D:1      | Borgoz the Gargoyle Berserker began the quest for the Orb.
     0 | D:1      | Reached XP level 1. HP: 14/14 MP: 1/1
   345 | D:1      | Reached XP level 2. HP: 12/19 MP: 2/2
  1009 | D:1      | Reached XP level 3. HP: 23/23 MP: 3/3
  1050 | D:1      | Found a glowing golden altar of the Shining One.
  1228 | D:2      | Found a hide-covered altar of Uskayaw.
  1228 | D:2      | Found a sacrificial altar of Ru.
  1374 | D:2      | Reached ** piety under Trog
  1853 | D:2      | Found a stormy altar of Qazlal.
  2401 | D:3      | Noticed a scorpion
  2409 | D:3      | Killed a scorpion
  2410 | D:3      | Reached XP level 4. HP: 29/29 MP: 4/4
  2612 | D:3      | Found a snail-covered altar of Cheibriados.
  2612 | D:3      | Found an ancient bone altar of Kikubaaqudgha.
  3374 | D:4      | Reached skill level 4 in Maces & Flails
  3374 | D:4      | Reached XP level 5. HP: 33/33 MP: 5/5
  3436 | D:4      | Found a staircase to the Ecumenical Temple.
  3469 | Temple   | Entered the Ecumenical Temple
  3591 | D:4      | Noticed Robin
  3624 | D:5      | Entered Level 5 of the Dungeon
  3686 | D:5      | Reached XP level 6. HP: 10/38 MP: 6/6
  3935 | D:5      | Found Tipsomuz's Jewellery Shoppe.
  3942 | D:5      | Noticed a necrophage
  3966 | D:5      | Killed a necrophage
  4361 | D:5      | Reached skill level 5 in Maces & Flails
  4374 | D:5      | Reached XP level 7. HP: 43/44 MP: 7/7
  5143 | D:4      | Killed Robin
  5203 | D:4      | Reached *** piety under Trog
  5268 | D:4      | Found a runed translucent gate.
  5268 | D:4      | Found a runed translucent gate.
  5269 | D:4      | Found a runed translucent gate.
  5272 | D:4      | Noticed EnegeticOcto's ghost (weakling DDFi)
  5288 | D:4      | Killed EnegeticOcto's ghost
  5647 | D:5      | Found a shimmering blue altar of Sif Muna.
  6017 | D:6      | Reached skill level 5 in Fighting
  6161 | D:6      | Reached skill level 6 in Maces & Flails
  6161 | D:6      | Reached XP level 8. HP: 39/49 MP: 8/8
  6552 | D:6      | Reached skill level 5 in Dodging
  6839 | D:6      | HP: 1/50 [orc warrior/+0 scimitar (6)]
  6843 | D:6      | Reached skill level 5 in Armour
  7089 | D:6      | Reached skill level 7 in Maces & Flails
  7107 | D:6      | HP: 1/51 [ogre/+0 giant spiked club (20)]
  7127 | D:6      | Reached XP level 9. HP: 33/55 MP: 9/9
  7641 | D:6      | Noticed a troll
  7656 | D:6      | Killed a troll
  7663 | D:6      | Got a polished scale mail
  7719 | D:6      | Identified the +4 scale mail of Haduem {+Fly rN+ Int+3}
                  | (You found it on level 6 of the Dungeon)
  8094 | D:7      | Noticed Dowan
  8096 | D:7      | Noticed Duvessa
  8137 | D:6      | Reached **** piety under Trog
  8138 | D:6      | Reached skill level 8 in Maces & Flails
  8148 | D:7      | Killed Duvessa
  8167 | D:7      | Killed Dowan
  8198 | D:7      | Found a flagged portal.
  8225 | Bailey   | Entered a bailey
  8273 | Bailey   | HP: 4/84 [orc warrior/+0 war axe (8)]
  8300 | Bailey   | Reached XP level 10. HP: 17/61 MP: 10/10
  8532 | Bailey   | Got a dazzling ring mail
  8554 | Bailey   | Identified Noeni's Handbook of Gliding Cold
  8603 | D:7      | Identified the +4 ring mail of the Lair of Beasts {Rampage}
                  | (You found it in a bailey)
  8862 | D:7      | Noticed Menkaure
  8868 | D:7      | Noticed Maggie
  8870 | D:7      | Killed Menkaure
  8877 | D:7      | Reached skill level 9 in Maces & Flails
  8885 | D:7      | Killed Maggie
  9128 | D:8      | Reached ***** piety under Trog
 10131 | D:8      | Noticed a two-headed ogre
 10146 | D:8      | Killed a two-headed ogre
 10344 | D:8      | Identified a scroll of acquirement
 10344 | D:8      | Acquired the +1 pair of gloves of Terror {Dex+5}
 10526 | D:8      | Found a staircase to the Lair.
 10685 | D:8      | Found a shimmering altar of Xom.
 10934 | D:9      | Reached skill level 10 in Maces & Flails
 10934 | D:9      | Reached XP level 11. HP: 68/68 MP: 11/11
 11601 | D:9      | Received a gift from Trog
 11646 | D:9      | Found an iron altar of Okawaru.
 11677 | D:10     | Entered Level 10 of the Dungeon
 13256 | D:10     | Found a staircase to the Orcish Mines.
 13442 | D:11     | Noticed a green ugly thing
 13458 | D:11     | Killed a green ugly thing
 13969 | D:11     | Found Ihuaff's Gadget Boutique.
 13986 | D:11     | Reached skill level 11 in Maces & Flails
 14082 | D:11     | Found a runed translucent door.
 14670 | D:11     | Noticed a manticore
 14700 | D:11     | Received a gift from Trog
 14811 | D:11     | Reached XP level 12. HP: 76/76 MP: 4/12
 15305 | D:5      | Bought the ring of Vaomilic {rF+ Str+2 Dex+6 Stlth+} for
                  | 722 gold pieces
 15759 | D:12     | You fall into a shaft and drop 3 floors!
 15759 | D:15     | Entered Level 15 of the Dungeon
 15787 | D:15     | Shot with a bolt by a yaktaur

Illustrated notes

Levels and vault maps discovered:
D:1:      grunt_arrival_crossed_arrows, layout_loops_ring, tso_altar
D:2:      layout_basic, lemuel_crystal_altar, nicolae_overflow_hidden_temple
D:3:      layout_basic, gammafunk_temple_overflow_elements
D:4:      layout_gridville, minmay_temple_entry_tees, ebering_ghost_rock_garden,
          uniq_robin
D:5:      lemuel_ice_spiral_2, layout_rooms, serial_shops, shop,
          serial_bayou_ford_a, led_sif_book
D:6:      kennysheep_windowed_halls, layout_loops_ring,
          minmay_increasing_density
D:7:      layout_cave_pools, enter_bailey_2, uniq_menkaure, uniq_duvessa,
          uniq_maggie
D:8:      layout_loops_ring, tgw_xom, david_lair_generic
D:9:      layout_rooms, kennysheep_little_box
D:10:     layout_cave_pools, erik_orc_2
D:11:     layout_stronghold, serial_shops, nicolae_shop_statue_plus,
          lightli_airlock
D:12:     layout_irregular_city
D:15:     hangedman_slaughterboxes
Temple:   minmay_freezing_vapour_temple

Skill      XL: |  1  2  3  4  5  6  7  8  9 10 11 12 |
---------------+-------------------------------------+-----
Dodging        | 2 3 4 5 6 8 9 |  9.8
Maces & Flails | 4 5 6 7 8 10 11 | 11.7
Fighting       | 4 5 6 8 9 |  9.4
Armour         | 3 4 5 6 7 8 9 |  9.0

Action                   |  1- 3 |  4- 6 |  7- 9 | 10-12 || total
-------------------------+-------+-------+-------+-------++-------
Melee: Mace              |   122 |   175 |    71 |       ||   368
       Flail             |       |       |   413 |   853 ||  1266
       Great mace        |       |       |       |    58 ||    58
Invok: Berserk           |     2 |     1 |    10 |    12 ||    25
       Trog's Hand       |       |       |       |     1 ||     1
Evoke: Wand              |       |       |    11 |     3 ||    14
  Use: Scroll            |       |       |     9 |    11 ||    20
       Potion            |       |       |     6 |       ||     6
 Stab: Sleeping          |     1 |       |     1 |     3 ||     5
Armor: Animal skin       |    39 |    17 |       |       ||    56
       Ring mail         |       |    93 |   185 |   387 ||   665
       Scale mail        |       |       |   143 |    50 ||   193
Dodge: Dodged            |    92 |   143 |   547 |  1106 ||  1888
